 Dungeon Sprint DCSS version 0.29-a0-617-g7a6b98fccd (webtiles) character file.

Game seed: 17130650093363400991

1276 Patoropollo the Cleaver (level 8, -3/68 HPs)
             Began as a Demonspawn Fighter on June 17, 2022.
             Was an Elder of Okawaru.
             Succumbed to a draconian's poison
             ... in the Dungeon (Sprint V: "Ziggurat Sprint").
             The game lasted 00:05:01 (280 turns).

Patoropollo the Cleaver (Demonspawn Fighter)         Turns: 280, Time: 00:05:01

Health: -3/68      AC: 29    Str: 31    XL:     8   Next: 29%
Magic:  15/15      EV:  1    Int:  9    God:    Okawaru [****..]
Gold:   0          SH: 28    Dex: 13    Spells: 7/7 levels left

rFire   . . .      SeeInvis +   b - +14 obsidian axe {vorpal, Mesm Drain Fly SInv}
rCold   . . .      Faith    .   k - +18 shield of the Gong {rElec rN+ Will+ EV-5}
rNeg    + . .      Spirit   .   l - +15 Maxwell's patent armour {-Cast -Tele rElec Will+ rCorr}
rPois   .          Reflect  .   (helmet restricted)
rElec   +          Harm     .   (no cloak)
rCorr   +          Rampage  .   (no gloves)
Will    ++...      NoTele   +   (no boots)
Stlth   .......... NoCast   +   (no amulet)
HPRegen 0.21/turn               s - +6 ring of strength
MPRegen 0.14/turn               t - +6 ring of strength

@: mighty, lethally poisoned (-3 -> -20), flying, mesmerised, slowed, studying
Polearms, very slow
A: antennae 1, powered by death 2, sharp scales 1
a: Renounce Religion, Heroism, Finesse


You were in the Dungeon.
You worshipped Okawaru.
Okawaru was greatly pleased with you.
You visited 1 branch

Inventory:

Hand Weapons
 b - the +14 obsidian axe (weapon) {vorpal, Mesm Drain Fly SInv}
   (You found it in the Dungeon)

   It inflicts extra damage upon your enemies.
   It occasionally summons demons to assist the wielder when it strikes in
   combat.
   Its wielder is mesmerised by any visible foes.
   It cannot be unequipped while any foes are visible.
   SInv:      It lets you see invisible.
   Fly:       It grants you flight.
   Drain:     It drains your maximum health when unequipped.
Armour
 k - the +18 shield of the Gong (worn) {rElec rN+ Will+ EV-5}
   (You found it in the Dungeon)

   It is deafeningly noisy when blocking attacks.
   EV:        It affects your evasion (-5).
   rElec:     It insulates you from electricity.
   rN:        It protects you from negative energy.
   Will:      It increases your willpower.
 l - the +15 Maxwell's patent armour (worn) {-Cast -Tele rElec Will+ rCorr}
   (You found it in the Dungeon)

   rElec:     It insulates you from electricity.
   -Cast:     It prevents spellcasting.
   -Tele:     It prevents most forms of teleportation.
   rCorr:     It protects you from acid and corrosion.
   Will:      It increases your willpower.
Jewellery
 n - a +4 ring of protection
 o - the ring of Gudukil {rPois rC+ Will+++ Int-3 Dex+6}
   (You found it in the Dungeon)

   [ring of dexterity]

   Int:       It affects your intelligence (-3).
   Dex:       It affects your dexterity (+6).
   rC:        It protects you from cold.
   rPois:     It protects you from poison.
   Will:      It greatly increases your willpower.
 p - an amulet of faith
 s - a +6 ring of strength (left hand)
 t - a +6 ring of strength (right hand)
Wands
 a - a wand of mindburst (7)
 c - a wand of iceblast (7)
 m - a wand of acid (7)
Scrolls
 j - 4 scrolls of blinking
 u - 4 scrolls of amnesia
 v - 7 scrolls of fog
 w - 5 scrolls of identify
 x - 2 scrolls of fear
Potions
 d - 5 potions of might
 e - 10 potions of curing
 f - 10 potions of heal wounds
 g - 6 potions of haste
 h - 7 potions of magic
 i - 3 potions of berserk rage
 z - 2 potions of brilliance
 A - 2 potions of invisibility
 B - 4 potions of resistance


   Skills:
 + Level 8.3 Fighting
 + Level 10.0 Axes
 + Level 7.5 Armour
 + Level 7.5 Shields
 + Level 9.9 Invocations


You had 7 spell levels left.
You didn't know any spells.
Your spell library contained the following spells:

 Spells                   Type           Power      Damage    Failure   Level
 Magic Dart               Conj           0%         1d3       100%        1
 Confusing Touch          Hex            0%         N/A       100%        3
 Conjure Flame            Conj/Fire      0%         6-21      100%        3
 Mephitic Cloud           Conj/Pois/Air  0%         N/A       100%        3
 Anguish                  Hex/Necr       0%         N/A       100%        4
 Corpse Rot               Necr/Pois/Air  0%         N/A       100%        4
 Dispel Undead            Necr           0%         3d6       100%        4
 Fulminant Prism          Conj/Hex       0%         3d6       100%        4
 Sticky Flame             Conj/Fire      0%         2d3       100%        4
 Fire Storm               Conj/Fire      0%         5d1       100%        9
 Call Imp                 Summ           Unusable   N/A       N/A         2
 Summon Ice Beast         Ice/Summ       Unusable   N/A       N/A         4
 Death Channel            Necr           Unusable   N/A       N/A         6

Dungeon Overview and Level Annotations

Branches:
Dungeon (1/1)

Altars:
Ashenzari
Cheibriados
Dithmenos
Elyvilon
Fedhas
Gozag
Hepliaklqana
Kikubaaqudgha
Makhleb
Nemelex Xobeh
Okawaru
Qazlal
Ru
Sif Muna
Trog
Uskayaw
Vehumet
Wu Jian
Xom
Yredelemnul
Zin
The Shining One
Beogh
Jiyva
Lugonu


Innate Abilities, Weirdness & Mutations

You have a pair of small antennae on your head.
You regenerate health from kills.
You are partially covered in razor-sharp scales. (AC +1, Slay +1)


Message History

The death cob hits you! The death cob drains your vigour!
You feel as though you will be slow longer.
The draconian hits you but does no damage.
The draconian hits you with a +1 short sword of venom.
You are more poisoned.
The draconian hits you but does no damage.
The draconian hits you with a +0 dagger!
* * * LOW HITPOINT WARNING * * *
You are too injured to fight recklessly!
Unknown command.
You closely miss the death cob.
The death cob is severely damaged.
You slash the draconian! You barely miss the draconian.
You closely miss the draconian. x2
Visions of slaying the death cob flood into your mind.
* * * LOW HITPOINT WARNING * * *
You feel extremely sick. You block the death cob's attack.
SHROANNG!
You block the death cob's attack.
GONNNNG!
You block the death cob's attack.
SHROANNG!
The death cob hits you but does no damage.
You block the draconian's attack.
GONNNNG!
The draconian hits you but does no damage. x2
The draconian hits you with a +0 short sword.
* * * LOW HITPOINT WARNING * * *
The death cob hits you but does no damage.
You block the draconian's attack.
BOUMMMMG!
The draconian hits you but does no damage.
You are more poisoned.
The draconian hits you but does no damage. x2
You slice the death cob!!
The death cob is almost destroyed.
You slice the draconian!! You hit the draconian. You slash the draconian!
You hit the draconian but do no damage.
You die...

▓..|})..▓
▓..)})..▓
▓.......▓
▓.......▓
▓.......▓
...d...
▓.▓dzd▓.▓
▓..d@d..▓
▓▓▓▓▓▓▓▓▓


You could see a death cob (mesmerising) and 5 draconians.

Vanquished Creatures
  2 jumping spiders (D)
  2 spriggans (D)
  4 wolves (D)
  A phantom (D)
  2 scorpions (D)
  A necrophage (D)
  A crimson imp (D)
  2 ufetubi (D)
  An adder zombie (D)
  A jackal (D)
  A ball python skeleton (D)
18 creatures vanquished.

Notes
Turn   | Place    | Note
-------+----------+-------------------------------------------
     0 | D        | Patoropollo the Demonspawn Fighter began the quest for the
                  | Orb.
     0 | D        | Reached XP level 1. HP: 18/18 MP: 1/1
     0 | D        | Found a blossoming altar of Fedhas.
     0 | D        | Found the +6 Majin-Bo {vamp, MP+6 Int+6}
     0 | D        | Found the +9 heavy crossbow "Sniper" {vorpal, Acc+∞ SInv}
     0 | D        | Found the +10 dark maul {vorpal}
     0 | D        | Found the +15 Maxwell's patent armour {-Cast -Tele rElec
                  | Will+ rCorr}
     0 | D        | Found the +18 shield of the Gong {rElec rN+ Will+ EV-5}
     0 | D        | Found the +14 obsidian axe {vorpal, Mesm Drain Fly SInv}
     0 | D        | Found the +7 great mace "Firestarter" {inner flame, rF++}
     0 | D        | Found the +6 shillelagh "Devastator" {shatter}
     0 | D        | Found the +11 plutonium sword {Contam Stlth-}
     0 | D        | Found the +8 lance "Wyrmbane" {slay drac, rPois rF+ rC+
                  | AC+3}
     0 | D        | Found the +9 sword of Zonguldrok {reap}
     0 | D        | Found the +13 scythe of Curses {drain, Drain}
     0 | D        | Found the +5 sword of Power {vorpal}
     0 | D        | Found the +7 mace of Variability {chain chaos}
     0 | D        | Found the +7 Singing Sword {vorpal, sonic wave}
     0 | D        | Found the +8 storm bow {elec, penet}
     1 | D        | Found a transporter.
     1 | D        | Found a viscous altar of Jiyva.
     1 | D        | Found an ancient bone altar of Kikubaaqudgha.
     1 | D        | Found a hazy altar of Hepliaklqana.
     1 | D        | Found a corrupted altar of Lugonu.
     1 | D        | Found an opulent altar of Gozag.
     1 | D        | Found a burning altar of Makhleb.
     3 | D        | Found a stormy altar of Qazlal.
     3 | D        | Found a sacrificial altar of Ru.
     3 | D        | Found an iron altar of Okawaru.
     3 | D        | Found a shimmering blue altar of Sif Muna.
     3 | D        | Found a sparkling altar of Nemelex Xobeh.
     3 | D        | Found a bloodstained altar of Trog.
    58 | D        | Reached skill level 7 in Axes
    58 | D        | Gained mutation: You regenerate a little health from kills.
                  | [demonic ancestry]
    58 | D        | Reached XP level 2. HP: 24/24 MP: 2/2
    93 | D        | Became a worshipper of Warmaster Okawaru
   101 | D        | Entered arena 2.
   101 | D        | Noticed a wolf
   101 | D        | Found a transporter.
   104 | D        | Killed a wolf
   104 | D        | Reached * piety under Okawaru
   105 | D        | Gained mutation: You are partially covered in razor-sharp
                  | scales. (AC +1, Slay +1) [demonic ancestry]
   105 | D        | Reached XP level 3. HP: 26/30 MP: 2/5
   105 | D        | Reached XP level 4. HP: 32/37 MP: 2/6
   151 | D        | Entered arena 3.
   151 | D        | Found a transporter.
   159 | D        | Reached XP level 5. HP: 43/43 MP: 6/8
   164 | D        | Entered arena 4.
   164 | D        | Noticed a jumping spider
   164 | D        | Noticed a jumping spider
   164 | D        | Found a transporter.
   168 | D        | Killed a jumping spider
   168 | D        | Reached ** piety under Okawaru
   169 | D        | Reached skill level 8 in Axes
   169 | D        | Reached skill level 5 in Armour
   169 | D        | Reached skill level 5 in Shields
   169 | D        | Gained mutation: You regenerate health from kills. [demonic
                  | ancestry]
   169 | D        | Reached XP level 6. HP: 40/52 MP: 7/11
   174 | D        | Killed a jumping spider
   174 | D        | Reached *** piety under Okawaru
   175 | D        | Reached skill level 9 in Axes
   175 | D        | Reached XP level 7. HP: 42/59 MP: 8/13
   214 | D        | Got the Almanac of the Magi
   219 | D        | Entered arena 5.
   219 | D        | Found a transporter.
   230 | D        | Got the Incunabulum of Attacks and Bewitchment
   237 | D        | Entered arena 6.
   237 | D        | Noticed a spriggan
   237 | D        | Noticed a spriggan
   237 | D        | Found a transporter.
   239 | D        | Killed a spriggan
   243 | D        | Gained mutation: You have a pair of small antennae on your
                  | head. [demonic ancestry]
   243 | D        | Reached XP level 8. HP: 68/68 MP: 13/15
   245 | D        | Reached **** piety under Okawaru
   246 | D        | Reached skill level 10 in Axes
   262 | D        | Got the ring of Gudukil {rPois rC+ Will+++ Int-3 Dex+6}
   271 | D        | Entered arena 7.
   271 | D        | Noticed a draconian
   271 | D        | Noticed a draconian
   271 | D        | Noticed a draconian
   271 | D        | Noticed a draconian
   271 | D        | Noticed a draconian
   271 | D        | Noticed a death cob
   280 | D        | Succumbed to a draconian's poison

Illustrated notes

Levels and vault maps discovered:
D:        sprint_v [room_start, room_1, room_2, room_3, room_4, room_5, room_6,
          room_7, room_8, room_9, room_10, room_11, room_12, room_13, room_14,
          room_15, room_16, room_17, room_18, room_19, room_20, room_21,
          room_22, room_23, room_24, room_25, room_26, room_27]

Skill      XL: |  1  2  3  4  5  6  7  8 |
---------------+-------------------------+-----
Axes           | 7 8 9 10 | 10.0
Fighting       | 4 6 7 8 |  8.3
Armour         | 3 4 5 6 7 |  7.5
Shields        | 3 4 5 6 7 |  7.5
Invocations    | 3 4 7 8 9 |  9.9

Action                   |  1- 3 |  4- 6 |  7- 9 || total
-------------------------+-------+-------+-------++-------
Melee: Broad axe         |     2 |    11 |    21 ||    34
  Use: Potion            |     1 |       |     1 ||     2
Armor: Plate armour      |     3 |    12 |    35 ||    50
Block: Kite shield       |     2 |    21 |    45 ||    68

Table legend: (Time is in decaauts)
 A = Elapsed time spent in this place.
 B = Non-inter-level travel time spent in this place.
 C = Inter-level travel time spent in this place.
 D = Time resting spent in this place.
 E = Time spent auto-exploring this place.
 F = Levels seen in this place.
 G = Mean time per level.
                   A        B        C        D        E       F      G
               +--------+--------+--------+--------+--------+-----+--------+
         Total |    291 |    270 |     21 |      0 |    105 |   1 |  291.0 |
       Dungeon |    291 |    270 |     21 |      0 |    105 |   1 |  291.0 |
               +--------+--------+--------+--------+--------+-----+--------+

Top non-repeatable levels by time:
       D: 291 daAuts
